 Dungeon Crawl Stone Soup version 0.28.0-45-g0d030f2227 (webtiles) character file.

Game seed: 2743672451048127584

0 pkoi the Conjurer (level 1, 0/14 HPs)
             Began as a Demigod Conjurer on Apr 9, 2022.
             Killed from afar by a dart slug (3 damage)
             ... with a slug dart
             ... on level 1 of the Dungeon.
             The game lasted 00:00:06 (26 turns).

pkoi the Conjurer (Demigod Conjurer)                  Turns: 26, Time: 00:00:06

Health: 0/14       AC:  2    Str:  8    XL:     1   Next: 0%
Magic:  5/5        EV: 12    Int: 20    God:
Gold:   0          SH:  0    Dex: 12    Spells: 2/3 levels left

rFire   . . .      SeeInvis .   (no weapon)
rCold   . . .      Faith    .   (no shield)
rNeg    . . .      Spirit   .   a - +0 robe
rPois   .          Reflect  .   (no helmet)
rElec   .          Harm     .   (no cloak)
rCorr   .          Rampage  .   (no gloves)
Will    .....                   (no boots)
Stlth   ++........              (no amulet)
HPRegen 0.04/turn               (no ring)
MPRegen 0.09/turn               (no ring)

@: no status effects
A: high MP 1, forlorn, divine attributes
a: no special abilities


You were on level 1 of the Dungeon.
You visited 1 branch of the dungeon, and saw 1 of its levels.

Inventory:

Armour
 a - a +0 robe (worn)
Scrolls
 b - a scroll of vulnerability {unknown}


   Skills:
 - Level 1.7 Dodging
 - Level 1.7 Stealth
 - Level 1.7 Spellcasting
 + Level 3.6 Conjurations


You had 2 spell levels left.
You knew the following spells:

 Your Spells              Type           Power      Damage    Failure   Level
a - Magic Dart            Conj           64%        1d6       3%          1

Your spell library contained the following spells:

 Spells                   Type           Power      Damage    Failure   Level
 Searing Ray              Conj           32%        2d5       5%          2
 Dazzling Flash           Conj/Hex       16%        N/A       24%         3
 Fulminant Prism          Conj/Hex       4%         3d6       61%         4
 Iskenderun's Mystic Bla  Conj/Tloc      8%         2d4       61%         4


Dungeon Overview and Level Annotations

Branches:
Dungeon (1/15)


Innate Abilities, Weirdness & Mutations

You have an increased reservoir of magic. (+10% MP)
You shall have no god before yourself.
Your divine heritage dramatically boosts your attributes as you level up.


Message History

Will you prevail where others failed? Will you find the Orb of Zot?
Press ? for a list of commands and other information.
Found a scroll labelled CUUSAS GIOS.
Found a staircase leading out of the dungeon.
b - a scroll labelled CUUSAS GIOS A dart slug comes into view.
Found a scroll labelled RINEPT XESTRAR.
A dart slug is nearby!
A dart slug is nearby!
No reachable target in view!
The dart slug briefly extends its eye-stalks.
The dart slug bites the plant.
The plant begins to die.
You hit the plant.
The plant begins to die.
The plant is lightly damaged.
Found a stone staircase leading down.
A nearby plant withers and dies.
A nearby plant withers and dies.
You completely miss the dart slug. You hit the dart slug but do no damage.
The dart slug barely misses you.
You hit the dart slug.
The dart slug is lightly wounded.
The dart slug launches a dart at you. The slug dart hits you.
* * * LOW HITPOINT WARNING * * *
You hit the dart slug but do no damage.
The dart slug is lightly wounded.
The dart slug bites you.
* * * LOW HITPOINT WARNING * * *
You hit the dart slug but do no damage.
The dart slug is lightly wounded.
You hit the dart slug.
The dart slug is moderately wounded.
The dart slug launches a dart at you. The slug dart hits you.
* * * LOW HITPOINT WARNING * * *
You hit the dart slug but do no damage.
The dart slug is moderately wounded.
The dart slug launches a dart at you. The slug dart hits you.
You die...

### #>. + #.# #.#
#.. ..#
###.#####.#
.........####
#######.w.....?..#


PPPPPPP@PPPPP.PP.#### PPPPP.....PPPPPP....# PPP..PPPP...PPPP....#
PP.PPP...PPP.PPP.... PP.PP.PPP.PP.PPP#... P.PP.PP.PP.PP.PP# P.P.PP.P.PP.P.PP#
P.P.P.PPP.P.P.PP# P.P.PP.P.PP.P.PP# You could see a dart slug.

Vanquished Creatures (others)
  2 plants (D:1)
2 creatures vanquished.

Notes
Turn   | Place    | Note
-------+----------+-------------------------------------------
     0 | D:1      | pkoi the Demigod Conjurer began the quest for the Orb.
     0 | D:1      | Reached XP level 1. HP: 14/14 MP: 5/5
    26 | D:1      | Killed from afar by a dart slug

Illustrated notes

Levels and vault maps discovered:
D:1:      roderic_crop_circles_arrival_small, layout_basic,
          chequers_ecumenical_altar_simple, chequers_serial_rivers_large_b,
          minmay_rat_gold_closets

Action                   || total
-------------------------++-------
Melee: Unarmed           ||     8
Dodge: Dodged            ||     1
